[Event "Early-Titled-Tuesday-Blitz-May-14-2024"]
[Site "Chess.com"]
[Date "2024.05.14"]
[Round "5"]
[White "ccccvhhhj"]
[Black "Kunalm64"]
[Result "0-1"]
[WhiteElo "2444"]
[BlackElo "2611"]
[TimeControl "180+1"]
[EndTime "8:58:07 PDT"]
[Termination "Kunalm64 won by checkmate"]

1. e4 c5 2. Nf3 d6 3. d4 cxd4 4. Nxd4 Nf6 5. Nc3 a6 6. Rg1 e5 7.
Nb3 h5 8. h3 Be6 9. g4 hxg4 10.
hxg4 Nbd7 11. g5 Nh5 12. Be3 Rc8 13. Qd2 Nf4 14. Bxf4 exf4 15. Qxf4 Ne5 16. O-O-O Rxc3 17. bxc3 Be7 18. Be2 b5 19. Kb1 Qc7 20. Qd2 Rh2 21. Rh1 Rxf2 22. Bxb5+ axb5 23. Qxf2 Qxc3 24. Rh8+ Bf8 25.
Qd4 Qc8 26. Qxd6 Ng6 27. Rg8 f6 28. Rxf8+ Nxf8 29. gxf6 gxf6 30. Nc5 Bf7 31. Qxf6 Qc7 32. Na6 Bxa2+ 33. Kb2 Qa5 34. Qe5+ Be6 35. Qb8+ Ke7 36. Qb7+ Nd7 37. Ra1 Qd2 38. Ra2 Qd4+ 39. c3 Qd2+ 40. Kb1 Qxa2+ 41. Kc1 Qa1+ 42. Kd2 Qb2+ 43. Kd3 Bc4+ 44. Kd4 Qd2# 0-1

[Event "Early-Titled-Tuesday-Blitz-May-14-2024"]
[Site "Chess.com"]
[Date "2024.05.14"]
[Round "5"]
[White "RedFirePanda"]
[Black "Guldona_2007"]
[Result "1-0"]
[WhiteElo "2468"]
[BlackElo "2205"]
[TimeControl "180+1"]
[EndTime "8:58:08 PDT"]
[Termination "RedFirePanda won on time"]

1. d4 f5 2. Bf4 Nf6 3. e3 g6 4.
Nd2 Bg7 5. Ngf3 O-O 6. Be2 d6 7.
h3 h6 8. O-O Qe8 9. c3 Nbd7 10.
Qb3+ Kh7 11. Bh2 e5 12. dxe5 Nxe5 13. Nxe5 dxe5 14. Nc4 Ne4 15. Rfd1 Nc5 16. Qb4 b6 17. a4 a5 18. Qa3 Ba6 19. b3 Ne4 20. Qb2 Bxc4 21.
Bxc4 Nd6 22. Be2 Rd8 23. Qc2 Qe7 24. Rac1 Nb7 25. Bc4 Nc5 26. Rb1 Rxd1+ 27. Rxd1 Rd8 28. Rb1 Ne4 29. Bd3 Nc5 30. Bc4 Nb7 31. b4 Nd6 32. Bd3 Nb7 33. Ba6 Nd6 34. bxa5 bxa5 35. Bd3 e4 36. Be2 Qf6 37. Rd1 Qxc3 38. Qxc3 Bxc3 39. Rc1 1-0

[Event "Early-Titled-Tuesday-Blitz-May-14-2024"]
[Site "Chess.com"]
[Date "2024.05.14"]
[Round "5"]
[White "C_K_G"]
[Black "whiteglovethief"]
[Result "0-1"]
[WhiteElo "2277"]
[BlackElo "2450"]
[TimeControl "180+1"]
[EndTime "8:58:08 PDT"]
[Termination "whiteglovethief won on time"]

1. e4 e6 2. Nf3 d5 3. Nc3 d4 4.
Ne2 c5 5. c3 Nc6 6. cxd4 Nf6 7.
e5 Nd7 8. Qa4 cxd4 9. Nexd4 Nc5 10.
Qc4 Bd7 11. Nb5 Qb6 12. d4 Na6 13. Bd2 Rc8 14. Qa4 Ncb4 15. Rc1 Rxc1+ 16. Bxc1 Nxa2 17. Bd2 N2b4 18. Be2 Nd5 19. O-O Nab4 20. Rc1 a6 21. Bxb4 Bxb4 22. Nc7+ Nxc7 23. Qb3 Nd5 24. Bc4 O-O 25.
Bxd5 exd5 26. Qxd5 Bc6 27. Qb3 Ba5 28. Qxb6 Bxb6 29.
Rd1 Bxf3 30. gxf3 Rd8 31. d5 Bc5 32. f4 f6 33. Kg2 g5 34. e6 gxf4 35. Kf3 Bd6 36.
Ke4 Be5 37. b3 Kf8 0-1

[Event "Early-Titled-Tuesday-Blitz-May-14-2024"]
[Site "Chess.com"]
[Date "2024.05.14"]
[Round "5"]
[White "JoliyRoger"]
[Black "profedechess93"]
[Result "0-1"]
[WhiteElo "2420"]
[BlackElo "2650"]
[TimeControl "180+1"]
[EndTime "8:58:09 PDT"]
[Termination "profedechess93 won on time"]

1. d4 d5 2. c4 c6 3. Nc3 Nf6 4. e3 e6 5. Nf3 Nbd7 6. b3 Bd6 7. Bb2 Qe7 8. Bd3 O-O 9. Qc2 dxc4 10. bxc4 e5 11. O-O Re8 12. Ng5 h6 13. Nge4 exd4 14. Nxd6 Qxd6 15. Rad1 Ng4 16. g3 Nde5 17. Ne4 Qe7 18.
Bxd4 Nxd3 19. Qxd3 Qxe4 20. Qxe4 Rxe4 21. f3 Nxe3 22.
fxe4 Nxf1 23. Kxf1 Be6 24. Rc1 b6 25. c5 b5 26. a3 Rd8 27. Rd1 Bh3+ 28. Kf2 Bg4 29.
Rd2 Re8 30. Ke3 Bf5 31. e5 Be6 32. Bc3 Bd5 33. Kf4 Kh7 34. g4 Kg6 35. h4 h5 36.
gxh5+ Kxh5 37. Rh2 Re6 38. Rh3 Rg6 39. Rg3 a6 40. Rxg6 Kxg6 0-1

[Event "Early-Titled-Tuesday-Blitz-May-14-2024"]
[Site "Chess.com"]
[Date "2024.05.14"]
[Round "5"]
[White "Zhigalko_Sergei"]
[Black "Djager97"]
[Result "1/2-1/2"]
[WhiteElo "2840"]
[BlackElo "2545"]
[TimeControl "180+1"]
[EndTime "8:58:09 PDT"]
[Termination "Game drawn by repetition"]

1. e4 e5 2. Nf3 Nc6 3. Bc4 Bc5 4. b4 Bxb4 5. c3 Be7 6. d4 Na5 7. Bd3 d6 8. dxe5 dxe5 9. Nxe5 Nf6 10. O-O O-O 11. Qc2 Be6 12. Nd2 Nd7 13. Nef3 Nc5 14. Be2 f6 15. Nd4 Bf7 16. N2b3 Naxb3 17. axb3 Ne6 18. Nf5 Bc5 19. Rd1 Qe8 20. b4 Bb6 21. h4 Rd8 22. Rxd8 Qxd8 23. Be3 Bxe3 24. Nxe3 a6 25. Rd1 Qb8 26. Bc4 Rd8 27. Re1 c6 28. Qa2 Qe5 29. Kf1 Re8 30. Qc2 Qh2 31. g3 Bh5 32. f4 Qh1+ 33. Kf2 Qf3+ 34. Kg1 Qxg3+ 35. Ng2 Kh8 36. Qd2 Bf3 37. Re3 Nxf4 38. Rxf3 Qxf3 39. Nxf4 h6 40. Ng6+ Kh7 41. Bf7 Rxe4 42. Nf8+ Kh8 43. Ng6+ Kh7 44. Nf8+ Kh8 45. Ng6+ Kh7 1/2-1/2

[Event "Early-Titled-Tuesday-Blitz-May-14-2024"]
[Site "Chess.com"]
[Date "2024.05.14"]
[Round "5"]
[White "DerKnipser"]
[Black "DonJuanEGenaro"]
[Result "1-0"]
[WhiteElo "2364"]
[BlackElo "2002"]
[TimeControl "180+1"]
[EndTime "8:58:09 PDT"]
[Termination "DerKnipser won on time"]

1. e4 e5 2. Nc3 c6 3. f4 exf4 4. Nf3 g5 5. d4 Bg7 6. Bc4 Nh6 7.
O-O O-O 8. e5 d5 9. Bd3 Bf5 10. h4 g4 11. Ng5 f3 12. gxf3 g3 13.
Kg2 f6 14. exf6 Bxf6 15. Ne2 Qd7 16. Nxg3 Bxg5 17. Nxf5 Nxf5 18. Bxg5 Nxd4 19. Bxh7+ Qxh7 20. Qxd4 Qxc2+ 21. Rf2 Qf5 22. Re1 Nd7 23. Re7 Rf7 24. Rxf7 Kxf7 25. Re2 Re8 26. Rxe8 Kxe8 27. Qg7 Qf7 28.
Qd4 c5 29. Qe3+ Kf8 30. Qb3 b6 31. Qa4 Ne5 32. Qb3 c4 33. Qe3 Qf5 34. h5 Kg7 35. h6+ Kg6 36. Bf4 Nf7 37. Kg3 Nxh6 38. Bxh6 Qd3 39.
Qe6+ Kh7 40. Bg5 Qg6 41. Qe7+ Qg7 42. Qd8 d4 43. Kh4 d3 44. f4 Kg6 45. Qd6+ Kf5 46. Qd5+ 1-0

[Event "Early-Titled-Tuesday-Blitz-May-14-2024"]
[Site "Chess.com"]
[Date "2024.05.14"]
[Round "5"]
[White "bascheyaro"]
[Black "lefonghua"]
[Result "1-0"]
[WhiteElo "2817"]
[BlackElo "2609"]
[TimeControl "180+1"]
[EndTime "8:58:10 PDT"]
[Termination "bascheyaro won by resignation"]

1. d4 Nf6 2. Nf3 g6 3. c4 Bg7 4. Bf4 O-O 5. e3 c5 6. Nc3 cxd4 7. Nxd4 Nc6 8. Be2 d6 9. Bg3 Bd7 10. O-O Rc8 11. Rc1 Nxd4 12. exd4 Bf5 13. b3 Ne4 14. Nxe4 Bxe4 15. Qd2 Qb6 16. Rfd1 d5 17. c5 Qc6 18.
b4 a6 19. Ra1 Qa4 20. Qc3 Qc2 21. Qxc2 Bxc2 22. Rd2 Ba4 23. Bf4 Rfe8 24. Rb1 f6 25. Be3 Kf7 26. b5 axb5 27. Bxb5 Bxb5 28. Rxb5 Rc7 29. Rdb2 Ra8 30. f4 f5 31. Kf2 Ra4 32. R5b4 Ra3 33. Ke2 Ke8 34. h4 Kd7 35. Rxb7 Bf6 36. g3 Ra4 37. R7b4 Rxb4 38. Rxb4 Ra7 39. a4 Kc7 40. Kd3 e6 41. Kc3 Bd8 42. Kb3 Kc6 43.
Rb8 Ba5 44. Rc8+ Kd7 45. Rh8 Kc6 46. Bf2 Rb7+ 47. Kc2 Rb4 48. Rxh7 Rxa4 49. Kb3 Rb4+ 50.
Ka3 Rc4 51. Re7 Rc2 52. Rxe6+ Kd7 53. Rd6+ Kc7 54. Bg1 Rc1 55. Bf2 Rc2 56. Ka4 Rxf2 57.
Kxa5 Ra2+ 58. Kb4 Rg2 59. Rxg6 Rd2 60. Kc3 Re2 61. h5 1-0

[Event "Early-Titled-Tuesday-Blitz-May-14-2024"]
[Site "Chess.com"]
[Date "2024.05.14"]
[Round "5"]
[White "FaustinoOro"]
[Black "cthulhuuu"]
[Result "1-0"]
[WhiteElo "2941"]
[BlackElo "2442"]
[TimeControl "180+1"]
[EndTime "8:58:10 PDT"]
[Termination "FaustinoOro won on time"]

1. e4 d6 2. d4 Nf6 3. Nc3 c6 4.
Nf3 Bg4 5. h3 Bh5 6. Be2 e6 7.
O-O d5 8. exd5 cxd5 9. Ne5 Bxe2 10. Nxe2 Nc6 11. Nf3 Bd6 12. c3 O-O 13. Bf4 Bxf4 14. Nxf4 Qb6 15. Nd3 Ne4 16. Re1 Na5 17. Nfe5 Rfc8 18. Qh5 Qc7 19. Rad1 Nf6 20. Qf3 Nc4 21.
Re2 a5 22. h4 Ra6 23. g4 Nxe5 24. Nxe5 Ne4 25. Kg2 f6 26. Nd3 Rb6 27. Rde1 Qc4 28. Qe3 Re8 29. f3 Nd6 30. Nf4 Qxa2 31. Qf2 Nc4 32.
b4 Qa3 33. Rxe6 Rbxe6 34. Rxe6 Rxe6 35. Nxe6 Qxc3 36. bxa5 Qxa5 37. Qg3 Qd2+ 38. Kh3 Ne3 39. g5 Qg2+ 40. Qxg2 Nxg2 41. Kxg2 fxg5 42. hxg5 Kf7 43. Nc7 Kg6 44. f4 Kf5 45. Kf3 h6 46. gxh6 gxh6 47. Nxd5 h5 48. Ne3+ Ke6 49. f5+ Kf6 50.
Kf4 b5 51. Nd5+ Kf7 52. Kg5 b4 53. Nxb4 h4 54. Kxh4 1-0

[Event "Early-Titled-Tuesday-Blitz-May-14-2024"]
[Site "Chess.com"]
[Date "2024.05.14"]
[Round "5"]
[White "Shushik"]
[Black "Arteler"]
[Result "1-0"]
[WhiteElo "2554"]
[BlackElo "2240"]
[TimeControl "180+1"]
[EndTime "8:58:10 PDT"]
[Termination "Shushik won by resignation"]

1. e4 e5 2. Nf3 d6 3. d4 exd4 4.
Nxd4 Nf6 5. Nc3 Be7 6. Bc4 O-O 7. O-O Nc6 8. Re1 Nxd4 9. Qxd4 Ng4 10. Nd5 Bh4 11. g3 Ne5 12. Be2 c6 13. Nf4 Bf6 14. Qd1 Qc7 15. Be3 Rd8 16. c4 b6 17. Rc1 Ba6 18. b3 Qe7 19. Nh5 Rac8 20. Nxf6+ Qxf6 21.
f4 Ng6 22. Bf3 Bb7 23. Qd2 h6 24. Rcd1 Ne7 25. Qe2 d5 26. e5 Qg6 27. Bh5 Qf5 28. Bg4 Qg6 29. Bxc8 Bxc8 30. Qg2 Bg4 31.
Rd2 Nf5 32. cxd5 Nxe3 33. Rxe3 Qb1+ 34. Kf2 cxd5 35. h3 d4 36. Red3 Bf5 37. Rd1 Qb2+ 38. R3d2 Qb1 39. Rxb1 Bxb1 40. Qc6 d3 41. Qc7 Re8 42.
Qxa7 Re6 43. Qa8+ Kh7 44. Qe4+ Kg8 45. f5 Re8 46. e6 fxe6 47. fxe6 Rf8+ 48. Ke3 Re8 49. e7 Kf7 50. Rf2+ Kg8 51. Qe6+ Kh7 52. Rf8 d2 53. Kxd2 Bg6 54. Rxe8 Bxe8 55. Qc8 1-0

[Event "Early-Titled-Tuesday-Blitz-May-14-2024"]
[Site "Chess.com"]
[Date "2024.05.14"]
[Round "5"]
[White "snowlord"]
[Black "Grischuk"]
[Result "0-1"]
[WhiteElo "2931"]
[BlackElo "3109"]
[TimeControl "180+1"]
[EndTime "8:58:11 PDT"]
[Termination "Grischuk won by resignation"]

1. c4 c6 2. Nf3 d5 3. g3 Nf6 4. Bg2 dxc4 5. Qc2 b5 6. a4 Bb7 7. O-O e6 8. Ne1 Nd5 9. d3 Nb4 10. Qc3 cxd3 11. Nxd3 Nxd3 12. exd3 b4 13. Qc2 Be7 14. Nd2 O-O 15. Nb3 a5 16. Be3 Nd7 17. Rfc1 Rc8 18. Qc4 Qc7 19. Bf4 e5 20. Be3 Rfd8 21.
h4 Nb6 22. Qg4 Nd5 23. Bc5 Bf6 24. h5 h6 25. Be4 Ne7 26. Qf3 Ra8 27. Be3 Qd6 28.
Bb6 Rdb8 29. Bxa5 Nd5 30. Rc2 Bc8 31. Rac1 Bd7 32. Bxd5 Qxd5 33. Qxd5 cxd5 34. Bc7 Rc8 35. a5 Ba4 36. Bb6 Rxc2 37. Rxc2 Bxb3 38. Rc7 e4 39. d4 Bc4 40. Kg2 b3 41. Rd7 Bg5 42. Bc7 Bc1 43. Be5 Bxb2 44. a6 Bxa6 45. Rxd5 0-1

[Event "Early-Titled-Tuesday-Blitz-May-14-2024"]
[Site "Chess.com"]
[Date "2024.05.14"]
[Round "5"]
[White "MVM2008"]
[Black "Orujov2008"]
[Result "0-1"]
[WhiteElo "2526"]
[BlackElo "2746"]
[TimeControl "180+1"]
[EndTime "8:58:11 PDT"]
[Termination "Orujov2008 won on time"]

1. e4 c5 2. Nf3 d6 3. d4 cxd4 4. Nxd4 Nf6 5. Nc3 a6 6. Bc4 e6 7.
Bb3 b5 8. a3 Be7 9. g4 Bb7 10.
Qe2 Nc6 11. Be3 Nxd4 12. Bxd4 O-O 13. g5 Nd7 14. h4 Nc5 15. g6 hxg6 16. h5 Nxb3 17.
hxg6 fxg6 18. cxb3 Rc8 19. Qg4 Bf6 20. Qxe6+ Rf7 21.
O-O-O Bxd4 22. Rxd4 Qg5+ 23. Kb1 Rf8 24. Rd3 Bc8 25. Rdh3 Qg1+ 26. Rxg1 Bxe6 27. Rhg3 Rxf2 28. Rxg6 Rf1+ 29. Kc2 Rxg1 30. Rxg1 Kf7 31. b4 Rh8 32. Rg2 Kf6 33. Ne2 g5 34. Nd4 Bd7 35. Nf3 g4 36.
Nh2 Kg5 37. Kd3 Kf4 38. Nf1 Rh3+ 39. Kd4 Kf3 40. Rc2 Rh1 41. Nd2+ Kf4 42. Nb3 g3 43. Kd5 Rd1+ 44. Nd4 Bg4 45. Rf2+ gxf2 0-1

[Event "Early-Titled-Tuesday-Blitz-May-14-2024"]
[Site "Chess.com"]
[Date "2024.05.14"]
[Round "5"]
[White "karinachess1"]
[Black "RandomNoob04"]
[Result "1-0"]
[WhiteElo "2610"]
[BlackElo "2734"]
[TimeControl "180+1"]
[EndTime "8:58:12 PDT"]
[Termination "karinachess1 won by resignation"]

1. d4 Nf6 2. c4 c5 3. d5 b5 4.
cxb5 a6 5. b6 Qxb6 6. Nc3 d6 7.
Nf3 g6 8. e4 Bg7 9. Be2 O-O 10.
O-O Nbd7 11. Nd2 Qc7 12. Nc4 Nb6 13. Re1 Nxc4 14. Bxc4 Nd7 15. Bd2 a5 16. a4 Ba6 17.
Bxa6 Rxa6 18. Nb5 Qb7 19. Bc3 Raa8 20. f4 Nb6 21. Qc2 Rfb8 22. Bxg7 Kxg7 23. b3 Rc8 24.
Na3 Kg8 25. Rab1 Qa6 26. Rec1 Rab8 27. Qd2 Nd7 28. Nb5 Nb6 29. e5 dxe5 30. fxe5 c4 31. d6 Nd7 32. e6 fxe6 33. dxe7 Ne5 34. Qd4 Nd3 35. Rf1 Qb6 36. Qxb6 Rxb6 37. Nc7 Rbb8 38. Nxe6 c3 39. Rbd1 c2 40. Rxd3 c1=Q 41. Rd8+ Rxd8 42. exd8=Q+ Rxd8 43.
Rxc1 Rd3 44. Nc5 Rd2 45. Rb1 Kf7 46. Nb7 Rd5 47. b4 axb4 48. Rxb4 Rd1+ 49. Kf2 Ke6 50. a5 Kd5 51. a6 Ra1 52. Rb5+ Kc6 53. Ra5 Rb1 54.
a7 1-0

[Event "Early-Titled-Tuesday-Blitz-May-14-2024"]
[Site "Chess.com"]
[Date "2024.05.14"]
[Round "5"]
[White "TheAlienParty"]
[Black "Gumugama"]
[Result "1/2-1/2"]
[WhiteElo "2422"]
[BlackElo "2278"]
[TimeControl "180+1"]
[EndTime "8:58:12 PDT"]
[Termination "Game drawn - insufficient material"]

1. c4 e5 2. Nc3 f5 3. Nf3 Nc6 4.
g3 Nf6 5. d4 e4 6. Nh4 d6 7.
Bg5 h6 8. Bxf6 Qxf6 9. e3 g5 10. Ng2 Ne7 11. h4 Be6 12. d5 Bf7 13. Qb3 O-O-O 14.
hxg5 hxg5 15. Rxh8 Qxh8 16. Qa4 Kb8 17. Nb5 a6 18. Nd4 c5 19. dxc6 Nxc6 20. O-O-O Nxd4 21. Rxd4 Bg7 22. Rd2 Rc8 23. Kb1 Qh1 24. Qd1 Bxc4 25. Bxc4 Qxd1+ 26. Rxd1 Rxc4 27. Rxd6 Rc6 28. Rd7 Rc7 29.
Rd8+ Ka7 30. Rd5 Rf7 31. Ne1 Kb6 32. Nc2 Kc6 33. Nb4+ Kc7 34. a3 Rd7 35. Rxf5 a5 36. Nd5+ Kd6 37. Rxg5 Kc6 38. Nc3 Bxc3 39. bxc3 b5 40.
Kc2 Rf7 41. Rg6+ Kc5 42. Rg5+ Kc4 43. Re5 Rxf2+ 44. Kd1 Kd3 45. Rd5+ Kxe3 46. Rxb5 Kd3 47. Rd5+ Kxc3 48. Rxa5 e3 49. Ra8 Kd3 50. Rd8+ Ke4 51. g4 Ra2 52. Ra8 Kd3 53. Rd8+ Ke4 54. Ra8 Kf4 55. Rf8+ Kxg4 56. a4 Rxa4 57. Ke2 Re4 58. Rf3 Re5 59. Rxe3 Rxe3+ 60. Kxe3 1/2-1/2

[Event "Early-Titled-Tuesday-Blitz-May-14-2024"]
[Site "Chess.com"]
[Date "2024.05.14"]
[Round "5"]
[White "rodp92"]
[Black "kyawmyataung2005"]
[Result "1-0"]
[WhiteElo "2528"]
[BlackElo "2249"]
[TimeControl "180+1"]
[EndTime "8:58:13 PDT"]
[Termination "rodp92 won on time"]

1. d4 Nf6 2. Nf3 g6 3. g3 Bg7 4.
Bg2 O-O 5. O-O d6 6. c4 Nbd7 7. Nc3 e5 8. e3 c6 9. b3 Qc7 10. a4 Rd8 11. Ba3 Nf8 12. h3 Ne6 13. Re1 h6 14.
Rc1 a5 15. Kh2 h5 16. Qc2 Bh6 17. Bxd6 Qxd6 18. dxe5 Qc7 19. exf6 Nc5 20. Rcd1 Be6 21. h4 Bg4 22. Rd4 Ne6 23. Rxd8+ Rxd8 24. Rd1 Bf8 25.
Ne4 Nc5 26. Nxc5 Bxc5 27. Rd2 Bb4 28. Rd4 Bc5 29. Rd3 Bf5 30. Rxd8+ Qxd8 31. Qc3 b6 32. Qe5 Bc2 33. Nd4 Bxd4 34. exd4 Bxb3 35. Bxc6 Bxc4 36.
d5 Kf8 37. d6 Be6 38. Bb5 Kg8 39. Qf4 Kh7 40. d7 Bf5 41. Qd6 Bxd7 42. Bxd7 1-0

[Event "Early-Titled-Tuesday-Blitz-May-14-2024"]
[Site "Chess.com"]
[Date "2024.05.14"]
[Round "5"]
[White "MariaFominykh"]
[Black "Smiechu"]
[Result "1-0"]
[WhiteElo "2365"]
[BlackElo "2497"]
[TimeControl "180+1"]
[EndTime "8:58:14 PDT"]
[Termination "MariaFominykh won by resignation"]

1. d4 Nf6 2. c4 c5 3. d5 e6 4. Nc3 exd5 5. cxd5 d6 6. Nf3 g6 7. e4 Bg7 8. Bb5+ Bd7 9. a4 O-O 10. Nd2 a6 11. Be2 Re8 12. O-O Bc8 13. Qc2 Nbd7 14. Nc4 Ne5 15. Ne3 Nfg4 16. h3 Nxe3 17. Bxe3 c4 18. f4 Nd3 19. Bxd3 cxd3 20. Qxd3 Qh4 21. Bd4 Bxd4+ 22. Qxd4 Bd7 23. Rf3 Rac8 24. Qb6 h5 25. Qxd6 Bg4 26. Rf2 Rcd8 27. Qc7 Rd7 28. Qb6 Rde7 29.
Qe3 Bd7 30. Rd1 f6 31. Re2 Bg4 32. hxg4 hxg4 33. g3 Qh8 34. Rh2 Rh7 35. Rdd2 Ree7 36. Qc5 Qg7 37. Qc8+ Kf7 38. Qxg4 Rxh2 39. Rxh2 Rc7 40.
d6 Rc4 41. Qd7+ Kf8 42. Qd8+ Kf7 43. Qe7+ Kg8 44. Qe8+ Qf8 45. Rh8+ Kxh8 46. Qxf8+ Kh7 47. Qf7+ 1-0

[Event "Early-Titled-Tuesday-Blitz-May-14-2024"]
[Site "Chess.com"]
[Date "2024.05.14"]
[Round "5"]
[White "DishonorOnYourCow"]
[Black "Mackster23"]
[Result "1-0"]
[WhiteElo "2538"]
[BlackElo "2654"]
[TimeControl "180+1"]
[EndTime "8:58:15 PDT"]
[Termination "DishonorOnYourCow won by checkmate"]

1. d4 Nf6 2. c4 e6 3. Nf3 d5 4. Nc3 c5 5. cxd5 Nxd5 6. e4 Nxc3 7. bxc3 cxd4 8. cxd4 Bb4+ 9. Bd2 Bxd2+ 10. Qxd2 O-O 11. Bc4 Nd7 12. O-O b6 13. Rfe1 Bb7 14. Rad1 Rc8 15. Bb3 h6 16. h3 a5 17. Qe2 Nf6 18. d5 exd5 19. Qb2 Qc7 20. exd5 Rcd8 21. Re5 Rd6 22. Nh4 Nd7 23. Re3 Nc5 24. Rg3 f6 25. Nf5 g5 26. Nxd6 Qxd6 27. Qb1 Kg7 28. Re1 h5 29.
Qf5 Bc8 30. Qc2 h4 31. Rge3 Rf7 32. Re8 Bd7 33. Ra8 a4 34. Bc4 b5 35. Be2 Qxd5 36. Bh5 Bf5 37. Qc3 Rc7 38. Rae8 Ne6 39. Qe3 Nf4 40.
Re7+ Rxe7 41. Qxe7+ Kh6 42. Bf3 Qd4 43. Qe3 Qd6 44.
Qe8 Nd3 45. Qh8+ Kg6 46. Bh5# 1-0

[Event "Early-Titled-Tuesday-Blitz-May-14-2024"]
[Site "Chess.com"]
[Date "2024.05.14"]
[Round "5"]
[White "sergoy"]
[Black "jumpingknight20"]
[Result "0-1"]
[WhiteElo "2996"]
[BlackElo "2757"]
[TimeControl "180+1"]
[EndTime "8:58:16 PDT"]
[Termination "jumpingknight20 won on time"]

1. d4 Nf6 2. c4 e6 3. Nf3 d5 4.
Nc3 Bb4 5. Qa4+ Nc6 6. e3 O-O 7. Qc2 dxc4 8. Bxc4 Bd6 9. h3 e5 10. O-O exd4 11. exd4 Nb4 12. Qd1 Bf5 13. Bg5 h6 14.
Bh4 Bf4 15. Ne2 Bc2 16. Qe1 Bd6 17. a3 Nc6 18. Nc3 Na5 19. Ba2 Bd3 20. Nd5 g5 21.
Qxa5 Bxf1 22. Nxg5 Nxd5 23. Qxd5 hxg5 24. Bxg5 c6 25.
Qf5 Bd3 26. Qg4 Qc8 27. Qh4 Qf5 28. Bf6 Qh7 29. Qg5+ Bg6 30. Be5 Bxe5 31. dxe5 Qh5 32. Qg3 Rad8 33. Bc4 Rd1+ 34. Rxd1 Qxd1+ 35. Kh2 Qh5 36. f4 Qf5 37. Be2 Rd8 38. Bg4 Qd3 39. Qh4 Rd4 40.
Qf6 Qe3 41. f5 Qf4+ 42. Kg1 Bxf5 43. e6 Bxe6 0-1

[Event "Early-Titled-Tuesday-Blitz-May-14-2024"]
[Site "Chess.com"]
[Date "2024.05.14"]
[Round "5"]
[White "Alonmindlin"]
[Black "Shuvalov"]
[Result "1-0"]
[WhiteElo "2702"]
[BlackElo "2555"]
[TimeControl "180+1"]
[EndTime "8:58:17 PDT"]
[Termination "Alonmindlin won on time"]

1. e4 e6 2. d4 d5 3. Nd2 c5 4. Ngf3 Nc6 5. Bb5 a6 6. Bxc6+ bxc6 7. O-O Nf6 8. e5 Nd7 9. Re1 Be7 10. Nf1 cxd4 11.
Nxd4 Qc7 12. Ng3 Nxe5 13. Bf4 Bd6 14. Qh5 g6 15. Qe2 Nf3+ 16. Qxf3 Bxf4 17. Rad1 O-O 18. c4 Bh6 19. b3 Bd7 20. h4 Qf4 21. Qxf4 Bxf4 22.
Nge2 Bh6 23. g4 Rfc8 24. g5 Bg7 25. c5 a5 26. Nf3 e5 27. Kg2 Re8 28. Ng3 Bg4 29. Rd2 a4 30. b4 a3 31. b5 cxb5 32. Rxd5 Be6 33. Rd2 b4 34. Rb1 e4 35. Nxe4 Bb2 36. Rdxb2 axb2 37. Nf6+ Kg7 38. Nxe8+ Rxe8 39. Rxb2 Bd5 40. Rxb4 Bxa2 41. Nd4 Bd5+ 42. Kg3 Rc8 43. Rb5 Bc4 44. Ra5 Bd5 45. Kf4 h6 46. Ke5 Bg2 47.
Kf4 hxg5+ 48. hxg5 Bd5 49. Ke5 Bg2 50. f3 Re8+ 51.
Kf4 Rd8 52. Ra4 Rc8 53. c6 Bf1 54. Ke5 Bd3 55. Kd6 Rd8+ 56. Kc5 Bf1 57. Ra7 Bh3 58. f4 Re8 59. c7 Bd7 60. Rb7 1-0

[Event "Early-Titled-Tuesday-Blitz-May-14-2024"]
[Site "Chess.com"]
[Date "2024.05.14"]
[Round "5"]
[White "OriTaichman"]
[Black "sergiochess83"]
[Result "0-1"]
[WhiteElo "2609"]
[BlackElo "2863"]
[TimeControl "180+1"]
[EndTime "8:58:19 PDT"]
[Termination "sergiochess83 won by resignation"]

1. e4 e6 2. d4 d5 3. Nc3 Bb4 4. e5 c5 5. Bd2 Ne7 6. Nb5 Bxd2+ 7. Qxd2 cxd4 8. Nd6+ Kf8 9. Qf4 Nf5 10. Nxf5 exf5 11. Nf3 Qa5+ 12. Qd2 Qxd2+ 13. Kxd2 Nc6 14. Bb5 Be6 15.
Rhd1 Rc8 16. Bxc6 bxc6 17. b4 c5 18. bxc5 Rxc5 19. Rab1 g6 20. Nxd4 Rc7 21. Rb8+ Kg7 22. Rxh8 Kxh8 23. Rb1 Bd7 24. Rb8+ Kg7 25. Ra8 f4 26. c3 g5 27. Kc2 Rb7 28. Rd8 h6 29.
g3 fxg3 30. fxg3 Bh3 31. Rxd5 Bg2 32. Ra5 Be4+ 33. Kd2 Rb2+ 34. Ke3 Bh1 35. h4 gxh4 36. gxh4 Rb7 37. h5 Rc7 38. Kd2 Bg2 39. Nb5 Rc5 40. a4 Rxe5 41. Rxa7 Rxh5 42. Nd4 Re5 43. a5 h5 44. a6 h4 45. Rc7 h3 46. a7 h2 47. Rc6 Bxc6 48. Nxc6 Re8 49. Nb8 h1=Q 50. a8=Q Qxa8 0-1

[Event "Early-Titled-Tuesday-Blitz-May-14-2024"]
[Site "Chess.com"]
[Date "2024.05.14"]
[Round "5"]
[White "tandaleo"]
[Black "ChessQueen"]
[Result "1-0"]
[WhiteElo "2591"]
[BlackElo "2778"]
[TimeControl "180+1"]
[EndTime "8:58:20 PDT"]
[Termination "tandaleo won by checkmate"]

1. d4 f5 2. Nf3 Nf6 3. c4 g6 4. e3 Bg7 5. b4 a5 6. b5 c6 7.
a4 d5 8. Nc3 Ne4 9. Qb3 Be6 10.
cxd5 Bxd5 11. Nxd5 cxd5 12. Ba3 O-O 13. Bd3 h6 14. Rc1 Re8 15. Ne5 Bxe5 16. dxe5 e6 17. h4 Nd7 18. Bxe4 fxe4 19. Bd6 Rc8 20. Rxc8 Qxc8 21.
O-O Nb6 22. f3 exf3 23. Rxf3 Qc4 24. Qb1 Qe4 25. Qf1 Nd7 26. h5 g5 27. Rf7 Qxe3+ 28. Kh1 Rc8 29. Kh2 Qd4 30. Rxd7 Qh4+ 31. Kg1 Qd4+ 32.
Kh2 Qh4+ 33. Kg1 Qxh5 34. Rc7 Rxc7 35. Bxc7 d4 36. Qf6 Qd1+ 37. Kh2 Qh5+ 38. Kg3 Qh4+ 39. Kf3 g4+ 40. Ke4 Qe1+ 41. Kxd4 Qd2+ 42. Kc5 Qe3+ 43.
Kd6 Qd4+ 44. Kxe6 Qc4+ 45. Kd7 Qd5+ 46. Kc8 Qxg2 47. e6 Qf3 48. Qg6+ Kf8 49. Bd6# 1-0

[Event "Early-Titled-Tuesday-Blitz-May-14-2024"]
[Site "Chess.com"]
[Date "2024.05.14"]
[Round "5"]
[White "jup1978"]
[Black "bescmelasti"]
[Result "0-1"]
[WhiteElo "2467"]
[BlackElo "2622"]
[TimeControl "180+1"]
[EndTime "8:58:21 PDT"]
[Termination "bescmelasti won by resignation"]

1. d4 Nf6 2. Nf3 e6 3. c4 b6 4. g3 Bb7 5. Bg2 g6 6. Nc3 Bg7 7. d5 O-O 8. O-O Na6 9. a3 Nc5 10. Qc2 Re8 11. Bg5 h6 12. Bxf6 Qxf6 13. e4 exd5 14. exd5 a5 15. Rad1 a4 16. Rfe1 Rxe1+ 17. Rxe1 c6 18. Ne5 Qd6 19. Nd3 Nxd3 20. Qxd3 cxd5 21.
Nxd5 Kh8 22. Re2 Rc8 23. Rd2 b5 24. cxb5 Rc1+ 25. Bf1 Bxb2 26. Rxb2 Qxd5 27. Qxd5 Bxd5 28. b6 Bb7 29. f4 Kg7 30. Kf2 Rc3 31. Bg2 d5 32.
Bxd5 Bxd5 33. b7 Bxb7 34. Rxb7 Rxa3 35. h4 h5 36. Ra7 Ra2+ 37. Kf3 a3 38. Ra5 Ra1 39. Kg2 Kf6 40. Kh2 Ke6 41. Kg2 Kd6 42. f5 gxf5 43. Rxf5 Rb1 44. Ra5 Rb2+ 45. Kf3 a2 46.
Kf4 Kc6 47. Kg5 Rb5+ 48. Rxb5 Kxb5 49. Kxh5 a1=Q 50. g4 Qg7 51. g5 Qg6+ 52. Kg4 f6 53. Kf4 fxg5+ 54. hxg5 Kc6 0-1

[Event "Early-Titled-Tuesday-Blitz-May-14-2024"]
[Site "Chess.com"]
[Date "2024.05.14"]
[Round "5"]
[White "IlanSchnaider"]
[Black "Nitzan_Steinberg"]
[Result "0-1"]
[WhiteElo "2730"]
[BlackElo "2970"]
[TimeControl "180+1"]
[EndTime "8:58:22 PDT"]
[Termination "Nitzan_Steinberg won by checkmate"]

1. e4 c5 2. Nf3 d6 3. d4 cxd4 4. Nxd4 Nf6 5. Nc3 a6 6. Bd3 e6 7. O-O Be7 8. f4 Qc7 9. a4 Nc6 10. Be3 Nb4 11. Kh1 h5 12. Na2 Ng4 13. Bg1 Nc6 14. Be2 Nf6 15. Bf3 Bd7 16. Nc3 Rc8 17. Re1 h4 18. f5 Ne5 19. fxe6 fxe6 20. h3 O-O 21. Bh2 Nc4 22. Qc1 Nxb2 23. Nce2 Nc4 24.
Nf4 Rfe8 25. Ndxe6 Qa5 26. Qd1 Ne5 27. Nd4 Bxa4 28.
Bh5 Red8 29. Nfe6 Rd7 30. Nf5 Qb5 31. Nexg7 Bxc2 32. Qd2 Nxe4 33. Qh6 Qd5 34. Nxe7+ Rxe7 35. Nf5 Rh7 36. Qf4 Rc3 37. Rf1 Bd3 38. Ne7+ Rxe7 39.
Qf8+ Kh7 40. Qxe7+ Kh6 41. Rf6+ Nxf6 42. Qxf6+ Kxh5 43. Bf4 Nf7 44. Qg7 Rc2 45. Qh8+ Nxh8 46. Kg1 Ng6 47. g4+ hxg3 48. Bxg3 Qg2# 0-1